 Dungeon Crawl Stone Soup version 0.21.1-1-g345015f (webtiles) character file.

126 Larett the Covert (level 5, 0/34 HPs)
             Began as an Octopode Assassin on Feb 19, 2018.
             Slain by an orc priest
             ... wielding a +0 spear
              (7 damage)
             ... on level 3 of the Dungeon.
             The game lasted 00:03:39 (2084 turns).

Larett the Covert (Octopode Assassin)               Turns: 2084, Time: 00:03:40

Health: 0/34       AC:  1    Str: 15    XL:     5   Next: 10%
Magic:  5/5        EV: 13    Int: 14    God:
Gold:   79         SH:  0    Dex: 14    Spells: 4/4 levels left

rFire    . . .     SeeInvis .   a - +2 dagger
rCold    . . .     Gourm    .   (no shield)
rNeg     . . .     Faith    .   (helmet restricted)
rPois    .         Spirit   .   (no amulet)
rElec    .         Reflect  .   D - +5 ring of strength
rCorr    .         Harm     .   (no ring)
MR       .....                  (no ring)
Stlth    +++++.....             (no ring)
HPRegen  0.11/turn              (no ring)
MPRegen  0.09/turn              (no ring)
                                (no ring)
                                (no ring)

@: no status effects
A: almost no armour, stealthy swim, amphibious, 8 rings, constrict 8, camouflage
1, gelatinous body 1
a: no special abilities


You were on level 3 of the Dungeon.
You were hungry.

You visited 1 branch of the dungeon, and saw 3 of its levels.

You collected 79 gold pieces.

Inventory:

Hand Weapons
 a - a +2 dagger (weapon)
 q - a +0 blowgun
 A - a +0 whip of draining
Missiles
 c - 8 poisoned needles
 d - 2 curare-tipped needles
 v - 152 stones (quivered)
 y - 15 sling bullets
 Y - 27 bolts
 Z - 2 throwing nets {!f}
Jewellery
 D - a +5 ring of strength (left tentacle)
Scrolls
 s - a scroll of fear {unknown}
 t - a scroll of amnesia {unknown}
 x - a scroll of blinking {unknown}
 z - a scroll of identify {unknown}
 E - a scroll of remove curse {unknown}
Potions
 r - 2 potions of curing {unknown}
 u - 2 potions of haste {unknown}
 B - a potion of agility {unknown}
 C - a potion of magic {unknown}
Comestibles
 f - 4 rations
 w - a chunk of flesh


   Skills:
 - Level 2.0 Fighting
 - Level 2.0 Short Blades
 - Level 2.0 Throwing
 - Level 1.0 Dodging
 + Level 8.7 Stealth


You had 4 spell levels left.
You didn't know any spells.

Dungeon Overview and Level Annotations

Branches:
Dungeon (3/15)

Altars:
Yredelemnul


Innate Abilities, Weirdness & Mutations

You cannot wear most types of armour.
You are very stealthy in the water. (Stealth+)
You are amphibious.
You can wear up to eight rings at the same time.
You can use your tentacles to constrict eight enemies at once.
Your skin changes colour to match your surroundings (Stealth+).
Your rubbery body absorbs attacks. (AC +1, EV +1)


Message History

The orc priest hits you with a spear.
* * * LOW HITPOINT WARNING * * *
You completely miss the orc priest. Your grab misses the orc priest.
Your squeeze misses the orc priest. The hobgoblin closely misses you.
The orc priest misses you.
You completely miss the orc priest. You grab the orc priest.
You constrict the orc priest, but do no damage.
The hobgoblin hits you but does no damage.
You hit the orc priest.
The orc priest is lightly wounded.
You constrict the orc priest. The orc priest hits you with a spear.
* * * LOW HITPOINT WARNING * * *
The hobgoblin hits you.
* * * LOW HITPOINT WARNING * * *
You hit the orc priest but do no damage.
You squeeze the orc priest, but do no damage.
The orc priest is moderately wounded.
You constrict the orc priest, but do no damage.
The orc priest hits you with a spear!
You die...

...#.##...#......................
.....####.#####......#######.###.
...#### #.# #....#.# ###.#
......# #.# #.####.#####...#
...##.# #.# ##.#..........###
...# ..... ..#.........## ...#
##.# .#.#..)..(...# ...# #.#
#.#)........# #..#
#.@#######....# #..# #.og.#
###### #..# .....## #..#######
....##.. ............... ###
...#########.#. ...## #.#
#...#### # #......#


You could see an orc priest and a hobgoblin.

Vanquished Creatures
  5 adders
  An ooze (D:1)
  A worm (D:2)
  2 dart slugs
  3 leopard geckos
  4 orcs (D:3)
  9 bats
  2 giant cockroaches (D:3)
  10 goblins
  6 hobgoblins
  4 jackals (D:2)
  5 kobolds
  A quokka (D:2)
  3 frilled lizards
  5 rats
61 creatures vanquished.

Notes
Turn   | Place    | Note
-------+----------+-------------------------------------------
     0 | D:1      | Larett the Octopode Assassin began the quest for the Orb.
     0 | D:1      | Reached XP level 1. HP: 14/14 MP: 1/1
     3 | D:1      | Noticed an electric eel
     3 | D:1      | Noticed an electric eel
    40 | D:1      | Reached skill level 6 in Stealth
    40 | D:1      | Reached XP level 2. HP: 4/19 MP: 2/2
   762 | D:1      | Reached XP level 3. HP: 24/24 MP: 3/3
   966 | D:2      | Reached skill level 7 in Stealth
  1274 | D:2      | Reached XP level 4. HP: 29/29 MP: 4/4
  1392 | D:2      | Found a basalt altar of Yredelemnul.
  1402 | D:2      | Reached skill level 8 in Stealth
  2033 | D:3      | Found a faded altar of an unknown god.
  2066 | D:3      | Reached XP level 5. HP: 29/34 MP: 5/5
  2084 | D:3      | Slain by an orc priest

Skill      XL: |  1  2  3  4 |
---------------+-------------+-----
Stealth        | 6 7 8 |  8.7
Fighting       | |  2.0
Short Blades   | |  2.0
Throwing       | |  2.0
Dodging        | |  1.0

Action                   |  1- 3 |  4- 6 || total
-------------------------+-------+-------++-------
Melee: Dagger            |    53 |    53 ||   106
       Constrict         |    10 |    15 ||    25
       Tentacles         |     7 |    10 ||    17
 Stab: Sleeping          |    15 |     5 ||    20
  Eat: Chunk             |     1 |     2 ||     3
Armor: Skin              |     9 |     2 ||    11
Dodge: Dodged            |    34 |    26 ||    60
